[Event "Team 45 45 League T26"]
[Site "Internet Chess Club"]
[Date "2005.04.03"]
[Round "3"]
[White "Mississippian"]
[Black "mogwop"]
[Result "0-1"]
[WhiteElo "1388"]
[BlackElo "1444"]
[TimeControl "2700+45"]

1. c4 e5 2. Nc3 Nf6 3. e4 Bb4 4. Qc2 c6 5. a3 Ba5 6. b4 Bc7 7. c5 d5 8. cxd6
Bxd6 9. Nf3 O-O 10. Bc4 h6 11. O-O Qe7 12. Re1 Be6 13. Bxe6 Qxe6 14. d4 Nbd7 15.
Ne2 Rac8 16. Ng3 Bb8 17. Qd2 Rfe8 18. Nf5 exd4 19. Nxh6+ gxh6 20. Qxh6 Nxe4 21.
Nxd4 Qxh6 22. Bxh6 Ndf6 23. f3 Nc3 24. Rec1 Ncd5 25. Rc4 Bf4 26. Bxf4 Nxf4 27.
Nf5 Rcd8 28. Rxf4 Re2 29. Ng3 Re6 30. h4 Kg7 31. h5 Kh6 32. Nf5+ Kg5 33. g3 Nxh5
34. Rh4 Nxg3 35. Rg4+ Kxf5 36. Rxg3 Re2 37. Kf1 Rdd2 38. Rc1 Rf2+ 39. Kg1 Rfe2
40. Kf1 Re5 41. Rc5 Rxc5 42. bxc5 Rd5 43. Kf2 Rxc5 44. Rg8 Ra5 45. Rf8 Kf6 46.
f4 Rxa3 47. Rb8 b6 48. Rb7 c5 49. Ke2 Kg6 50. Kd2 f6 51. Kc2 Kf5 52. Kb2 Ra5 53.
Kb3 b5 54. Kc3 Kxf4 55. Rf7 f5 56. Kd3 a6 57. Rf6 Ra3+ 58. Kc2 c4 59. Kb2 b4 60.
Kc2 a5 61. Rd6 Kf3 62. Rd5 f4 63. Rd4 Rc3+ 64. Kb2 a4 65. Rd5 a3+ 66. Ka2 Kf2
67. Rb5 Rc2+ 68. Kb1 b3 69. Rf5 f3 70. Rf4 a2+ 71. Ka1 c3 72. Rb4 Rc1# {White
checkmated} 0-1

[Event "Team 45 45 League T26"]
[Site "Internet Chess Club"]
[Date "2005.04.03"]
[Round "3"]
[White "SpeedBlade"]
[Black "spaceways"]
[Result "1-0"]
[WhiteElo "1530"]
[BlackElo "1610"]
[TimeControl "2700+45"]

1. c4 Nf6 2. g3 e6 3. Bg2 c5 4. Nc3 Nc6 5. Nf3 Be7 6. d4 cxd4 7. Nxd4 O-O 8. O-O
Qb6 9. Nxc6 bxc6 10. Qc2 d5 11. cxd5 cxd5 12. Be3 Qc7 13. Rac1 Bd7 14. Qd2 Qa5
15. Nxd5 Qxd2 16. Nxe7+ Kh8 17. Bxd2 Rab8 18. b3 Bb5 19. Nc6 Rbc8 20. Nd4 Ba6
21. Rxc8 Rxc8 22. Rc1 Rd8 23. Be3 Ng4 24. Nf3 Nxe3 25. fxe3 {Black resigns} 1-0

[Event "Team 45 45 League T26"]
[Site "Internet Chess Club"]
[Date "2005.04.02"]
[Round "3"]
[White "Lmcl"]
[Black "Mr-Patzer2u"]
[Result "0-1"]
[WhiteElo "1543"]
[BlackElo "1421"]
[TimeControl "2700+45"]

1. e4 e6 2. Nf3 d5 3. exd5 Qxd5 4. Nc3 Qd8 5. d4 Nf6 6. Bg5 Be7 7. Qd2 Nc6 8.
O-O-O h6 9. Bf4 g5 10. Be3 Bd7 11. h4 g4 12. Nh2 Bb4 13. Be2 Bxc3 14. Qxc3 Ne4
15. Qe1 h5 16. f3 gxf3 17. Bxf3 Nd6 18. d5 Ne7 19. Bd4 Rg8 20. dxe6 Bxe6 21. Rf1
Qd7 22. Bxb7 Nxb7 23. Bf6 Qc6 24. Qb4 Nd6 25. Bxe7 Kxe7 26. Nf3 Rxg2 27. Nd4 Qc4
28. Qxc4 Nxc4 29. Rfe1 Rh2 30. Nf3 Rh3 31. Rd3 Rd8 32. Rc3 Kd7 33. Rd1+ Kc8 34.
Rxd8+ Kxd8 35. Rd3+ Kc8 36. Nd4 Rh1+ 37. Rd1 Rxd1+ 38. Kxd1 Nxb2+ 39. Kc1 Nc4
40. c3 Ne3 41. a3 Nf5 42. Nf3 Kd7 43. Kd2 Kd6 44. Kd3 Bd5 45. Nd4 Nxd4 46. cxd4
Ke6 47. Ke3 Kf5 48. Kf2 Kg4 {White resigns} 0-1

[Event "Team 45 45 League T26"]
[Site "Internet Chess Club"]
[Date "2005.03.31"]
[Round "3"]
[White "john-beebs"]
[Black "chicopee-ed"]
[Result "0-1"]
[WhiteElo "1513"]
[BlackElo "1573"]
[TimeControl "2700+45"]

1. e4 e6 2. d4 d5 3. exd5 exd5 4. Nc3 c6 5. Bd3 Nf6 6. Nf3 Bg4 7. O-O Be7 8. Re1
O-O 9. h3 Bh5 10. Bf4 Nbd7 11. Re3 Re8 12. a3 Nb6 13. b3 Nc8 14. Ne2 Bxf3 15.
Rxf3 Nd6 16. Ng3 Nde4 17. Nf5 Bd6 18. Bg5 Nxg5 19. Nxd6 Nxf3+ 20. Qxf3 Qxd6 21.
g4 Ne4 22. Qf5 g6 23. Qf3 Qf6 24. Qe3 Re7 25. f4 Qh4 26. Kg2 Rae8 27. Qf3 Nd2
{White resigns} 0-1

[Event "Team 45 45 League T26"]
[Site "Internet Chess Club"]
[Date "2005.04.04"]
[Round "3"]
[White "samwise479"]
[Black "DynamoKyiv"]
[Result "1/2-1/2"]
[WhiteElo "1402"]
[BlackElo "1475"]
[TimeControl "2700+45"]

1. e4 e5 2. Nf3 Nc6 3. Bc4 Bc5 4. c3 Nf6 5. d4 exd4 6. cxd4 Bb4+ 7. Nc3 Nxe4 8.
Qe2 d5 9. O-O Bxc3 10. bxc3 O-O 11. Bd3 Re8 12. Re1 Bf5 13. Bd2 Nxd2 14. Qxd2
Bxd3 15. Qxd3 Qf6 16. Qb5 b6 17. Qxd5 Rad8 18. Qg5 Qxg5 19. Nxg5 h6 20. Nf3 Ne7
21. Re3 Nd5 22. Rxe8+ Rxe8 23. c4 Nf6 24. Kf1 Kf8 25. Re1 Rc8 26. Ne5 c6 27. Ke2
a6 28. a4 Ne4 29. Nd7+ Kg8 30. Nxb6 Rb8 31. Ke3 Nd6 32. c5 Nf5+ 33. Kd3 Rd8 34.
Re4 {Game drawn by mutual agreement} 1/2-1/2

[Event "Team 45 45 League T26"]
[Site "Internet Chess Club"]
[Date "2005.04.02"]
[Round "3"]
[White "JSC"]
[Black "sculley"]
[Result "1-0"]
[WhiteElo "1867"]
[BlackElo "1776"]
[TimeControl "2700+45"]

1. e4 e6 2. d4 d5 3. Nc3 c5 4. exd5 exd5 5. dxc5 d4 6. Qe2+ Qe7 7. Qxe7+ Nxe7 8.
Nb5 Nd5 9. Nxd4 Bxc5 10. Nb3 Bb4+ 11. Bd2 Bf5 12. O-O-O O-O 13. Bc4 Bxd2+ 14.
Rxd2 Nb4 15. a3 Nxc2 16. Rxc2 Bxc2 17. Kxc2 Rc8 18. Kd3 Nc6 19. Bb5 Ne5+ 20. Ke4
a6 21. Kxe5 axb5 22. Nd4 Rc2 23. Nxc2 {Black resigns} 1-0

[Event "Team 45 45 League T26"]
[Site "Internet Chess Club"]
[Date "2005.04.04"]
[Round "3"]
[White "Thorin"]
[Black "zota"]
[Result "0-1"]
[WhiteElo "1818"]
[BlackElo "1884"]
[TimeControl "2700+45"]

1. e4 c5 2. Nf3 d6 3. d4 cxd4 4. Nxd4 Nf6 5. Nc3 a6 6. Be3 e5 7. Nb3 Be6 8. f3
Be7 9. Qd2 Qc7 10. O-O-O Nbd7 11. g4 Nc5 12. g5 Nxb3+ 13. axb3 Nd7 14. Nd5 Bxd5
15. exd5 b5 16. h4 O-O 17. h5 f5 18. g6 f4 19. gxh7+ Kh8 20. Bf2 Bg5 21. Bd3 Nc5
22. Bxc5 Qxc5 23. Be4 Rf7 24. Kb1 a5 25. Rhg1 Bh4 26. Rg4 Bg3 27. Rh1 b4 28. c3
a4 29. cxb4 Qa7 30. Kc1 axb3 31. Qd3 Qf2 32. Kb1 Rfa7 33. Kc1 Ra1+ 34. Qb1 Qe3+
35. Kd1 Rxb1+ 36. Bxb1 Ra1 {White resigns} 0-1

[Event "Team 45 45 League T26"]
[Site "Internet Chess Club"]
[Date "2005.04.03"]
[Round "3"]
[White "burnsja2003"]
[Black "qs16"]
[Result "1-0"]
[WhiteElo "1735"]
[BlackElo "1715"]
[TimeControl "2700+45"]

1. d4 Nf6 2. c4 e6 3. Bg5 Be7 4. Nf3 b6 5. e3 Bb7 6. Bd3 d5 7. O-O O-O 8. a3
Nbd7 9. b4 Ne4 10. Bf4 f5 11. Qb3 Rb8 12. h3 Ng5 13. Nc3 Nxf3+ 14. gxf3 a6 15.
cxd5 Nf6 16. dxe6 Bxf3 17. Kh2 Bd6 18. e7+ Kh8 19. exd8=Q Rbxd8 20. Bxd6 Rxd6
21. Bxf5 Nh5 22. Rg1 Rh6 23. Ra2 Rxf5 24. Qc2 g6 25. Qd2 Nf6 26. e4 Rfh5 27.
Qxh6 Rxh6 28. Kg3 Nxe4+ 29. Nxe4 Bxe4 30. h4 Rh5 31. Re2 Bf5 32. f4 Bd3 33. Re5
Be2 34. Rxh5 Bxh5 35. Rc1 a5 36. Rxc7 axb4 37. axb4 Be2 38. d5 Bb5 39. d6 Kg8
40. d7 Bxd7 41. Rxd7 h6 42. Kf3 Kf8 43. Ke4 Ke8 44. Rh7 g5 45. fxg5 hxg5 46.
hxg5 Kf8 47. Kd5 Kg8 48. Ra7 {Black resigns} 1-0

[Event "Team 45 45 League T26"]
[Site "Internet Chess Club"]
[Date "2005.04.03"]
[Round "3"]
[White "PackAttack"]
[Black "allanchs"]
[Result "0-1"]
[WhiteElo "1736"]
[BlackElo "1650"]
[TimeControl "2700+45"]

1. d4 d5 2. Nf3 Nf6 3. Bf4 Bf5 4. e3 e6 5. c4 Bb4+ 6. Nc3 O-O 7. Qb3 Bxc3+ 8.
bxc3 b6 9. cxd5 exd5 10. c4 dxc4 11. Bxc4 Nc6 12. Bd3 Bxd3 13. Qxd3 Ne7 14. O-O
c5 15. Rac1 cxd4 16. Qxd4 Rc8 17. Rfd1 Qd5 18. Qb2 Rxc1 19. Rxc1 Rd8 20. h3 Ne4
21. Nd4 Nc5 22. Qa3 Rd7 23. Rc3 h6 24. Nb3 Qd1+ 25. Kh2 Ne4 26. Rc7 Nxf2 27.
Rxd7 Qxd7 28. Nd4 Ne4 29. Bb8 a5 30. Qb2 Nd5 31. Qc2 Nef6 32. Qf5 Nxe3 33. Qe5
Nfg4+ 34. hxg4 Nxg4+ {White resigns} 0-1

[Event "Team 45 45 League T26"]
[Site "Internet Chess Club"]
[Date "2005.04.02"]
[Round "3"]
[White "billarvola"]
[Black "NFK"]
[Result "1-0"]
[WhiteElo "1983"]
[BlackElo "1652"]
[TimeControl "2700+45"]

1. e4 d6 2. d4 Nf6 3. Nc3 g6 4. Nf3 Bg7 5. Be2 O-O 6. O-O c6 7. a4 Nbd7 8. e5
dxe5 9. dxe5 Ng4 10. e6 Nde5 11. Nxe5 Nxe5 12. Qxd8 Rxd8 13. f4 Bxe6 14. fxe5
Bxe5 15. Be3 a6 16. Rad1 Kg7 17. Bb6 Rd7 18. Rxd7 Bxd7 19. Bc4 Rf8 20. Re1 f6
21. Ne4 Bf5 22. c3 Re8 23. Nc5 Bc8 24. Ne6+ Bxe6 25. Bxe6 h5 26. a5 h4 27. Rd1
Bd6 28. c4 f5 29. c5 Be5 30. Rd8 Rxd8 31. Bxd8 Kf6 32. Bc8 Bd4+ 33. Kf1 Bxc5 34.
Bxb7 Kf7 35. Bxa6 Ke8 36. Bc7 Kd7 37. Be5 Bb4 38. Bc3 Bc5 39. Bd3 Kd6 40. Be1 e5
41. Bxh4 e4 42. Bc4 Ke5 43. Bf7 {Black resigns} 1-0

[Event "Team 45 45 League T26"]
[Site "Internet Chess Club"]
[Date "2005.04.05"]
[Round "3"]
[White "vvsi"]
[Black "Egmont"]
[Result "1-0"]
[WhiteElo "1597"]
[BlackElo "1677"]
[TimeControl "2700+45"]

1. e4 c5 2. Nc3 Nc6 3. g3 g6 4. Bg2 Bg7 5. d3 Nf6 6. Nge2 O-O 7. O-O d6 8. h3
Rb8 9. Be3 Bd7 10. a4 Qb6 11. Rb1 Nd4 12. f4 Nh5 13. g4 Nf6 14. Ng3 e6 15. b3
Ne8 16. Nce2 f5 17. exf5 exf5 18. g5 Nxe2+ 19. Nxe2 Bc6 20. Bxc6 Qxc6 21. Bd2 d5
22. Bc3 d4 23. Bd2 Nc7 24. Kh2 Nd5 25. Re1 Rfe8 26. Ng1 Rxe1 27. Qxe1 Re8 28.
Qf2 Qd6 29. Kg3 h6 30. h4 Ne3 31. Re1 Qc6 32. Bxe3 dxe3 33. Rxe3 Bd4 34. Rxe8+
Qxe8 35. Qe2 Qc6 36. Nf3 Bg7 37. Qe7 h5 38. Ne5 Bxe5 39. fxe5 Qh1 40. Kf2 Qxh4+
41. Ke2 Qh2+ 42. Kd1 Qg1+ 43. Kd2 Qf2+ 44. Kc1 Qg1+ 45. Kb2 Qd4+ 46. Ka2 Qd5 47.
e6 Qe5 48. Qf7+ Kh8 49. e7 {Black resigns} 1-0

[Event "Team 45 45 League T26"]
[Site "Internet Chess Club"]
[Date "2005.04.03"]
[Round "3"]
[White "chinta"]
[Black "pork"]
[Result "1-0"]
[WhiteElo "1597"]
[BlackElo "1512"]
[TimeControl "2700+45"]

1. e4 e5 2. Nf3 Nc6 3. Bc4 Nf6 4. Ng5 d5 5. exd5 Na5 6. Bb5+ c6 7. dxc6 bxc6 8.
Bd3 h6 9. Ne4 Nxe4 10. Bxe4 Bc5 11. c3 Bxf2+ 12. Kf1 O-O 13. b4 Nc4 14. Qe2 Bb6
15. Qxc4 Qf6+ 16. Bf3 a5 17. Qxc6 Qxc6 18. Bxc6 axb4 19. Bxa8 Ba6+ 20. Ke1 Rxa8
21. cxb4 Rc8 22. Nc3 Bd4 23. Bb2 Bd3 24. a4 f5 25. a5 e4 26. a6 Ba7 27. h4 e3
28. dxe3 Re8 29. Rh3 f4 30. Kd2 Bf5 31. Rf3 fxe3+ 32. Ke2 Bg4 33. Nb5 Bxf3+ 34.
gxf3 Bb6 35. a7 Bxa7 36. Rxa7 Rb8 37. Rxg7+ Kf8 38. Nd6 Rxb4 39. Rf7+ Kg8 40.
Rg7+ Kf8 41. Nf5 Rxb2+ 42. Kxe3 Rb5 43. Kf4 Rxf5+ 44. Kxf5 Kxg7 45. Kg4 Kg6 46.
f4 h5+ 47. Kg3 Kf5 48. Kf3 Kf6 49. Ke4 Ke6 50. f5+ Kf6 51. Kf4 Kf7 52. Kg5 Kg7
53. Kxh5 Kf6 54. Kg4 Kg7 55. Kg5 Kf7 56. h5 Kg7 57. h6+ Kh7 58. f6 Kg8 59. Kg6
Kh8 60. Kf5 Kg8 61. Ke6 Kh7 62. Ke7 {Black resigns} 1-0

[Event "Team 45 45 League T26"]
[Site "Internet Chess Club"]
[Date "2005.04.02"]
[Round "3"]
[White "Chief-Justice"]
[Black "trikmamak"]
[Result "0-1"]
[WhiteElo "1980"]
[BlackElo "2281"]
[TimeControl "2700+45"]

1. Nf3 g6 2. c4 f5 3. Nc3 Nf6 4. g3 d6 5. d4 Bg7 6. Bg2 O-O 7. O-O Na6 8. Re1
Nh5 9. b3 c5 10. Bb2 f4 11. e4 Bg4 12. d5 Qe8 13. h3 Bxf3 14. Bxf3 fxg3 15. fxg3
Qf7 16. Kg2 Be5 17. Na4 Bxg3 18. Rf1 Bf4 19. Bxh5 gxh5 20. Kh1 Qg6 21. Rg1 Bg3
22. Qd3 h4 23. Raf1 Nb4 24. Qe2 e5 25. a3 Na6 26. Bc1 Nc7 27. Nc3 a6 28. Bd2
Rxf1 29. Rxf1 Rf8 30. Rxf8+ Kxf8 31. Qf3+ Ke7 32. Ne2 Ne8 33. Nxg3 hxg3 34. Kg2
Nf6 35. Qf5 Nxe4 36. Qc8 Nxd2 37. Qc7+ Kf8 38. Qd8+ Kg7 39. Qe7+ Qf7 40. Qg5+
Kf8 41. Qd8+ Qe8 42. Qf6+ Kg8 43. Qg5+ Kf7 44. Qxd2 Qg8 45. Qa5 Qg5 46. Qc7+ Qe7
47. Qc8 Kg7 48. Qg4+ Kh6 49. Qf5 a5 50. Qf3 Qg7 51. Qf5 Qg6 52. Qf8+ Kg5 53. Qf3
Qf5 54. Qxg3+ Kf6 55. Qc3 b6 56. b4 Qe4+ 57. Kg3 Qd4 58. Qc2 e4 59. bxc5 bxc5
60. Qc1 Qd3+ 61. Kg2 Qf3+ 62. Kh2 Qf2+ 63. Kh1 e3 64. Qc3+ Kf5 65. Qg7 Qf1+ 66.
Kh2 e2 67. Qxh7+ Ke5 68. Qh8+ Ke4 69. Qe8+ Kd4 70. Qh8+ Kd3 71. Qh7+ Kc3 72.
Qg7+ Kc2 73. Qg6+ Kb2 74. Qg7+ Ka2 {White resigns} 0-1

[Event "Team 45 45 League T26"]
[Site "Internet Chess Club"]
[Date "2005.04.02"]
[Round "3"]
[White "matman"]
[Black "azbycx"]
[Result "1-0"]
[WhiteElo "2004"]
[BlackElo "1829"]
[TimeControl "2700+45"]

1. d4 Nf6 2. Nf3 d5 3. c4 e6 4. Nc3 Bb4 5. Bg5 O-O 6. e3 Nbd7 7. Bd3 c5 8. cxd5
exd5 9. O-O Bxc3 10. bxc3 c4 11. Bc2 Qa5 12. Qd2 Re8 13. Ne1 Ne4 14. Bxe4 dxe4
15. Bh4 Nb6 16. Nc2 Qh5 17. Bg3 Bg4 18. Rfe1 Nd5 19. Rab1 Re7 20. h3 Be6 21. Nb4
Rc8 22. Nxd5 Qxd5 23. Rb4 b5 24. a4 Bd7 25. axb5 Bxb5 26. Qa2 a6 27. Qa5 Re6 28.
Rd1 h6 29. Rd2 f5 30. Rb1 g5 31. Rdb2 Rf6 32. Be5 Rf7 33. Rxb5 axb5 34. Rxb5 Qa8
35. Qb4 Qa1+ 36. Kh2 f4 37. Qd6 Qa7 38. Qxh6 Rg7 39. Bxg7 Qxg7 40. Rxg5 {Black
resigns} 1-0

[Event "Team 45 45 League T26"]
[Site "Internet Chess Club"]
[Date "2005.04.03"]
[Round "3"]
[White "alexcolins"]
[Black "LadyLuck"]
[Result "0-1"]
[WhiteElo "1751"]
[BlackElo "1943"]
[TimeControl "2700+45"]

1. d4 Nf6 2. Nf3 d5 3. e3 e6 4. Nbd2 Bd6 5. Bd3 c5 6. b3 Nbd7 7. Bb2 O-O 8. O-O
Qc7 9. c4 b6 10. cxd5 exd5 11. Rc1 Qb8 12. e4 dxe4 13. Nxe4 Nxe4 14. Bxe4 Bb7
15. d5 Bf4 16. Qc2 Bxc1 17. Bxh7+ Kh8 18. Rxc1 Qf4 19. Bf5 Nf6 20. Bxf6 gxf6 21.
Be4 Rfe8 22. Re1 Rad8 23. g3 Qg4 24. Re3 Bxd5 25. Bf5 Qb4 26. a3 Qxa3 27. Qc3
Kg7 28. Bc2 Qc1+ 29. Ne1 Rxe3 30. fxe3 Bxb3 31. Qxb3 Qxe1+ 32. Kg2 Rd2+ 33. Kh3
Qf1+ 34. Kg4 Qe2+ 35. Kf4 Rxc2 36. Qd5 Qc4+ 37. Qxc4 Rxc4+ 38. e4 a5 39. h4 a4
40. g4 a3 41. h5 a2 42. g5 fxg5+ 43. Kxg5 a1=Q 44. h6+ Kh7 {White resigns} 0-1

[Event "Team 45 45 League T26"]
[Site "Internet Chess Club"]
[Date "2005.04.02"]
[Round "3"]
[White "Ruger"]
[Black "Murdock"]
[Result "1-0"]
[WhiteElo "2172"]
[BlackElo "1988"]
[TimeControl "2700+45"]

1. d4 b6 2. Nf3 Bb7 3. Bf4 e6 4. e3 Nf6 5. Nbd2 h6 6. Bd3 Nh5 7. Qe2 c5 8. O-O-O
cxd4 9. Nxd4 Nxf4 10. exf4 Nc6 11. N2f3 Nb4 12. Bc4 Qc7 13. Ne5 Bxg2 14. Rhg1
Bd5 15. Nb5 Qb8 16. Bxd5 Nxd5 17. Rxd5 a6 18. Rxd7 axb5 19. Qxb5 Ra5 20. Rd8+
Kxd8 21. Qd7# {Black checkmated} 1-0

[Event "Team 45 45 League T26"]
[Site "Internet Chess Club"]
[Date "2005.04.02"]
[Round "3"]
[White "nobodylovesyou"]
[Black "asonjay2k"]
[Result "1-0"]
[WhiteElo "1922"]
[BlackElo "2086"]
[TimeControl "2700+45"]

1. d4 d5 2. c4 c6 3. Nc3 Nf6 4. Nf3 a6 5. c5 Bf5 6. h3 e6 7. Bf4 Nbd7 8. e3 Be7
9. Be2 O-O 10. O-O Qc8 11. Rc1 h6 12. b4 Bd8 13. a4 Bc7 14. Qb3 Qb8 15. Bxc7
Qxc7 16. Nh4 Bh7 17. f4 Ne4 18. Nxe4 Bxe4 19. Nf3 f6 20. Bd3 Bxf3 21. Rxf3 e5
22. e4 Kh8 23. exd5 cxd5 24. Qxd5 Rad8 25. Qe6 Rfe8 26. Qf5 Nf8 27. fxe5 fxe5
28. Rcf1 Qe7 29. dxe5 b6 30. Qe4 g6 31. cxb6 Qg7 32. Rf7 Qg8 33. Qe3 g5 34. R1f6
Rd6 35. exd6 Qxf7 36. Rxf7 Rxe3 37. Rxf8+ Kg7 38. d7 {Black resigns} 1-0

[Event "Team 45 45 League T26"]
[Site "Internet Chess Club"]
[Date "2005.04.03"]
[Round "3"]
[White "Erik21"]
[Black "CogitoErgoSum"]
[Result "1/2-1/2"]
[WhiteElo "1829"]
[BlackElo "1806"]
[TimeControl "2700+45"]

1. e4 c5 2. Nf3 d6 3. Nc3 Nf6 4. d4 cxd4 5. Nxd4 a6 6. Bc4 e6 7. O-O Be7 8. Be3
b5 9. Bb3 Qc7 10. Qf3 O-O 11. Qh3 b4 12. Nce2 Nxe4 13. c3 bxc3 14. Rac1 a5 15.
Bc2 d5 16. Nxc3 Nf6 17. Bg5 h6 18. Ncb5 Qb6 19. Bxh6 gxh6 20. Qxh6 Re8 21. Nf3
Nbd7 22. Qg5+ Kh8 23. Qh6+ Kg8 24. Qg5+ Kf8 25. Qh6+ Kg8 {Game drawn by
repetition} 1/2-1/2

[Event "Team 45 45 League T26"]
[Site "Internet Chess Club"]
[Date "2005.04.02"]
[Round "3"]
[White "LeifEricson"]
[Black "viking99"]
[Result "0-1"]
[WhiteElo "1812"]
[BlackElo "1829"]
[TimeControl "2700+45"]

1. d4 Nf6 2. Bf4 g6 3. h3 Bg7 4. e3 d5 5. Nd2 c6 6. Ne2 Nbd7 7. c3 O-O 8. g4 Re8
9. Nf3 Ne4 10. Bg2 e5 11. Bh2 Ng5 12. Nxe5 Nxe5 13. dxe5 Qb6 14. Qb3 Qa6 15. Rd1
Be6 16. Rd4 c5 17. Ra4 Qc6 18. O-O Ne4 19. Qc2 b5 20. Rxe4 dxe4 21. Nf4 Rad8 22.
Bxe4 Qd7 23. Nd3 Bd5 24. Nxc5 Qc6 25. b4 Bxe5 26. f4 Bxe4 27. Nxe4 Bg7 28. Ng3
Rxe3 29. f5 Rxc3 30. Qg2 Qxg2+ 31. Kxg2 Rd2+ 32. Kh1 Be5 {White resigns} 0-1

[Event "Team 45 45 League T26"]
[Site "Internet Chess Club"]
[Date "2005.04.03"]
[Round "3"]
[White "Gregorio"]
[Black "Vombat"]
[Result "1-0"]
[WhiteElo "2035"]
[BlackElo "2180"]
[TimeControl "2700+45"]

1. e4 e6 2. d4 d5 3. Nd2 Nf6 4. e5 Nfd7 5. Bd3 c5 6. c3 b6 7. Qe2 Nc6 8. Ngf3 a6
9. O-O b5 10. Rd1 b4 11. Nf1 h6 12. Ng3 c4 13. Bb1 a5 14. Nh5 Ba6 15. h3 a4 16.
Nh2 g6 17. Nf4 Qa5 18. Qf3 a3 19. Ne2 Bb5 20. Bc2 axb2 21. Bxb2 Ba4 22. Bxa4
Qxa4 23. Ng4 Qc2 24. Nf4 Qxb2 25. Nxd5 exd5 26. e6 fxe6 27. Nf6+ Nxf6 28. Qxf6
Rg8 29. Qxe6+ Ne7 30. Re1 Kd8 31. Rab1 Qxc3 32. Qd6+ Ke8 33. Qxd5 Rxa2 34. Qxg8
Rxf2 35. Qxg6+ Rf7 36. Qc6+ Kd8 37. Qd6+ Ke8 38. Ra1 {Black resigns} 1-0

[Event "Team 45 45 League T26"]
[Site "Internet Chess Club"]
[Date "2005.04.03"]
[Round "3"]
[White "DavidBarnsley"]
[Black "A-Ru"]
[Result "1-0"]
[WhiteElo "1998"]
[BlackElo "1973"]
[TimeControl "2700+45"]

1. e4 e6 2. d4 d5 3. Nc3 Nf6 4. Bg5 Bb4 5. e5 h6 6. exf6 hxg5 7. fxg7 Rg8 8. h4
gxh4 9. Qg4 Qf6 10. Rxh4 Nc6 11. O-O-O Bd7 12. Rh7 Qxf2 13. Nf3 O-O-O 14. Qf4 f5
15. Bd3 Bd6 16. Qg5 Nxd4 17. Rf1 Ne2+ 18. Bxe2 Qb6 19. Qxd8+ Kxd8 20. Rh8 Ke7
21. Rxg8 Kf7 22. Rd8 Kxg7 23. Rxd7+ Kf6 24. Rh1 Bf4+ 25. Kb1 Qe3 26. Rxd5 Qf2
27. Rd4 e5 28. Rd7 Ke6 29. Rhh7 c6 30. Bc4+ Kf6 31. Rd6# {Black checkmated} 1-0

[Event "Team 45 45 League T26"]
[Site "Internet Chess Club"]
[Date "2005.04.02"]
[Round "3"]
[White "zeke16"]
[Black "room-matt"]
[Result "1/2-1/2"]
[WhiteElo "1940"]
[BlackElo "1927"]
[TimeControl "2700+45"]

1. d4 Nf6 2. c4 e5 3. dxe5 Ng4 4. Nf3 Bc5 5. e3 Nc6 6. Nc3 O-O 7. Bd3 Re8 8. a3
Ngxe5 9. Nxe5 Nxe5 10. Bc2 d6 11. b4 Bb6 12. Nd5 Be6 13. O-O c6 14. Nxb6 axb6
15. Qd4 Nxc4 16. f4 Qh4 17. Bd3 c5 18. bxc5 bxc5 19. Qc3 d5 20. Bxc4 dxc4 21.
Bb2 Qg4 22. Rf3 f6 23. Rg3 Qh4 24. Rg5 Rf8 25. Rxc5 Rac8 26. Rb5 Rc7 27. Qa5
Rfc8 28. Rc1 c3 29. Ba1 Bc4 30. Rb6 Rc5 31. Qb4 Rh5 32. h3 Qg3 33. Qxc3 Rxh3 34.
Qe1 Qh2+ 35. Kf2 Rg3 36. Qh1 Rxg2+ 37. Qxg2 Qxg2+ 38. Kxg2 Bd5+ 39. Kf2 Rxc1 40.
Bd4 h6 41. Rd6 Bc6 42. Rd8+ Kf7 43. Rh8 Kg6 44. Kg3 h5 45. Kh3 Rh1+ 46. Kg3 Rg1+
47. Kh3 Rh1+ {Game drawn by mutual agreement} 1/2-1/2

[Event "Team 45 45 League T26"]
[Site "Internet Chess Club"]
[Date "2005.04.04"]
[Round "3"]
[White "forquesato"]
[Black "Scotty2Cues"]
[Result "1/2-1/2"]
[WhiteElo "1759"]
[BlackElo "1902"]
[TimeControl "2700+45"]

1. Nf3 Nf6 2. g3 e6 3. Bg2 d5 4. O-O c5 5. d3 Bd6 6. Nbd2 Nbd7 7. e4 O-O 8. Re1
Bc7 9. Nf1 dxe4 10. dxe4 Ne5 11. Nxe5 Bxe5 12. f4 Bd4+ 13. Ne3 e5 14. fxe5 Bxe5
15. Nc4 Bd4+ 16. Be3 Bg4 17. Qd2 Bxe3+ 18. Qxe3 Qc7 19. e5 Ne8 20. Qe4 Be6 21.
Qxb7 Rb8 22. Qxc7 Nxc7 23. b3 Bxc4 24. bxc4 Rb2 25. Re2 Ne6 26. Rf2 a5 27. c3
Rfb8 28. Raf1 Rxf2 29. Rxf2 Rb1+ 30. Rf1 Rb2 {Game drawn by mutual agreement}
1/2-1/2